 Dungeon Crawl Stone Soup version 0.29-a0-824-gd827844252 (webtiles) character file.

Game seed: 8125401722041021335

35 coolguy69 the Cutter (level 3, 0/20 HPs)
             Began as a Vine Stalker Monk on July 10, 2022.
             Slain by a gnoll
             ... wielding a +0 club
              (1 damage)
             ... on level 2 of the Dungeon.
             The game lasted 00:01:08 (1594 turns).

coolguy69 the Cutter (Vine Stalker Monk)            Turns: 1594, Time: 00:01:09

Health: 0/20       AC:  3    Str: 14 (15) XL:     3   Next: 33%
Magic:  0/4        EV: 12    Int:  9 (10) God:
Gold:   15         SH:  0    Dex: 13 (16) Spells: 2/2 levels left

rFire   . . .      SeeInvis .   a - +0 short sword
rCold   . . .      Faith    .   (no shield)
rNeg    . . .      Spirit   +   b - +0 robe
rPois   .          Reflect  .   (no helmet)
rElec   .          Harm     .   f - +0 cloak
rCorr   .          Rampage  .   (no gloves)
Will    .....                   (no boots)
Stlth   ++........              (no amulet)
HPRegen 0.06/turn               (no ring)
MPRegen 0.09/turn               (no ring)

@: flying
A: fangs 2, magic shield, antimagic bite, no potion heal 2
a: no special abilities


You were on level 2 of the Dungeon.
You visited 1 branch of the dungeon, and saw 2 of its levels.

You collected 15 gold pieces.

Inventory:

Hand Weapons
 a - a +0 short sword (weapon)
Armour
 b - a +0 robe (worn)
 f - a +0 cloak (worn)
Scrolls
 d - 2 scrolls of teleportation {unknown}
 j - a scroll of fear {unknown}
 k - a scroll of noise {unknown}
Potions
 c - a potion of ambrosia
 g - a potion of heal wounds


   Skills:
 + Level 3.1 Fighting
 + Level 3.3 Short Blades
 + Level 2.6 Dodging
 + Level 2.4 Stealth


You had 2 spell levels left.
You didn't know any spells.
Your spell library was empty.

Dungeon Overview and Level Annotations

Branches:
Dungeon (2/15)

Altars:


Innate Abilities, Weirdness & Mutations

You have extremely sharp teeth.
When hurt, damage is shared between your health and your magic reserves.
Your bite disrupts and absorbs the magic of your enemies.
Potions cannot restore your health.


Message History

There are monsters nearby!
The helpless gnoll fails to defend itself.
You puncture the gnoll!
You kill the gnoll!
The gnoll shouts!
There are monsters nearby!
Found a scroll labelled WEHERO XEIXTUI.
The gnoll hits you with a +0 club.
There are monsters nearby!
The gnoll shouts!
You hit the gnoll but do no damage. You bite the gnoll, but do no damage.
The gnoll barely misses you.
The gnoll hits you from afar with a +0 spear.
The gnoll hits you with a +0 club.
You are too injured to fight recklessly!
You are too injured to fight recklessly!
Unknown command.
The gnoll attacks as you move away! The gnoll hits you with a +0 club.
* * * LOW HITPOINT WARNING * * *
The ball python bites you but does no damage.
The ball python grabs you. The ball python constricts you.
* * * LOW HITPOINT WARNING * * *
You escape the ball python's grasp.
The gnoll attacks as you move away! The gnoll barely misses you.
The gnoll attacks as you move away! The gnoll closely misses you.
Found a stone staircase leading up.
It was a potion of heal wounds.
That seemed strangely inert.
The gnoll hits you but does no damage.
It was a potion of degeneration.
There was something very wrong with that liquid.
You feel weakened.
You feel dopey.
You feel clumsy. The gnoll hits you with a +0 club.
* * * LOW HITPOINT WARNING * * *
It was a potion of flight.
You feel very buoyant.
You fly up into the air.
The gnoll hits you with a +0 club.
* * * LOW HITPOINT WARNING * * *
It was a potion of curing.
That felt strangely inert.
The gnoll barely misses you.
You closely miss the gnoll. The gnoll hits you with a +0 club.
You die...

#............#
####.###########
#....<.....(...#
###.############.#
#<#.#.............
#.#.#'##########.#
#.#.....# #.#
#.#.....########.#
#@#.....+.........
#
#g#.....########.#
#.#g#.....# #.#
#..S#.##### #.#
..####..# #.#
.........#########
#.#
..#####.g.).......
#.#
.......#........
..#
......##........
###


You could see 2 gnolls and a ball python.

Vanquished Creatures
  A gnoll (D:2)
  3 bats (D:1)
  A giant cockroach (D:2)
  2 goblins (D:1)
  5 hobgoblins (D:1)
  2 quokkas (D:1)
  3 ball pythons (D:1)
  4 frilled lizards (D:1)
  A kobold (D:1)
  2 rats (D:1)
24 creatures vanquished.

Vanquished Creatures (others)
  3 demonic plants (D:1)
  2 fungi (D:1)
  3 plants (D:1)
  2 withered plants (D:1)
10 creatures vanquished.

Grand Total: 34 creatures vanquished

Notes
Turn   | Place    | Note
-------+----------+-------------------------------------------
     0 | D:1      | coolguy69 the Vine Stalker Monk began the quest for the
                  | Orb.
     0 | D:1      | Reached XP level 1. HP: 11/11 MP: 2/2
   444 | D:1      | Found a faded altar of an unknown god.
   461 | D:1      | Reached XP level 2. HP: 16/16 MP: 1/3
   944 | D:1      | Reached XP level 3. HP: 16/20 MP: 2/4
  1592 | D:2      | HP: 1/20 [gnoll/+0 club (2)]
  1594 | D:2      | Slain by a gnoll

Illustrated notes

Levels and vault maps discovered:
D:1:      shiori_arrival_maze, layout_loops_ring, shapermc_ecumenical_altar_gd,
          chequers_serial_rivers_micro_b, chequers_serial_rivers_micro_a,
          minmay_misc_feat_rows
D:2:      layout_basic, minmay_stone_trees_medium, dk_vineyard_3

Skill      XL: |  1  2 |
---------------+-------+-----
Fighting       | 3 |  3.1
Short Blades   | 3 |  3.3
Dodging        | |  2.6
Stealth        | |  2.4

Action                   || total
-------------------------++-------
Melee: Short sword       ||    60
       Bite              ||    19
       Punch             ||     3
  Use: Potion            ||     4
 Stab: Sleeping          ||     1
Armor: Robe              ||    15
Dodge: Dodged            ||    39

Table legend: (Time is in decaauts)
 A = Elapsed time spent in this place.
 B = Non-inter-level travel time spent in this place.
 C = Inter-level travel time spent in this place.
 D = Time resting spent in this place.
 E = Time spent auto-exploring this place.
 F = Levels seen in this place.
 G = Mean time per level.
                   A        B        C        D        E       F      G
               +--------+--------+--------+--------+--------+-----+--------+
         Total |   1592 |   1531 |     61 |    282 |   1069 |   2 |  796.0 |
       Dungeon |   1592 |   1531 |     61 |    282 |   1069 |   2 |  796.0 |
               +--------+--------+--------+--------+--------+-----+--------+

Top non-repeatable levels by time:
     D:1: 1375 daAuts
     D:2: 217 daAuts
